 Dungeon Crawl Stone Soup version 0.17-a0-1834-gef58047 (webtiles) character file.

295 MayumiScott the Shield-Bearer (level 6, -1/51 HPs)
             Began as a Centaur Fighter on Sept 15, 2015.
             Was a Believer of Nemelex Xobeh.
             Slain by an orc
             ... wielding a +0 flail
              (8 damage)
             ... on level 4 of the Dungeon.
             The game lasted 00:52:10 (3968 turns).

MayumiScott the Shield-Bearer (Centaur Fighter)     Turns: 3968, Time: 00:52:10

Health: -1/51      AC:  6    Str: 24    XL:     6   Next: 11%
Magic:  6/6        EV:  8    Int:  7    God:    Nemelex Xobeh [**....]
Gold:   166        SH:  0    Dex: 12    Spells: 0 memorised, 5 levels left

rFire  . . .     SeeInvis .     a - +0 long sword
rCold  + . .     Clarity  .     z - +0 leather armour (curse)
rNeg   . . .     SustAt   .     c - +0 shield
rPois  .         Gourm    .     (no helmet)
rElec  .         Spirit   .     (no cloak)
rCorr  .         Warding  .     s - +0 pair of gloves (curse)
rMut   .         Stasis   .     (no barding)
MR     .....                    (no amulet)
Stlth  ..........               v - ring of protection from cold
                                q - +2 ring of dexterity

@: confused, mighty, very slightly contaminated, hasted, very quick, not
resistant to hostile enchantments, extremely unstealthy
A: hooves 3, deformed body, speed 2, tough skin 3
a: Renounce Religion


You were on level 4 of the Dungeon.
You worshipped Nemelex Xobeh.
Nemelex Xobeh was pleased with you.
You were not hungry.

You visited 2 branches of the dungeon, and saw 5 of its levels.

You collected 166 gold pieces.

Inventory:

Hand weapons
 a - a +0 long sword (weapon)
 h - a +0 flail
 j - a +0 dagger
 k - a +0 blowgun
 m - a +0 short sword
 n - a +0 shortbow
 r - a +1 dagger of draining
 u - a +3 dagger
 G - a cursed -1 whip
Missiles
 i - 8 poisoned needles
 t - 33 stones (quivered)
 A - 20 sling bullets
 C - 18 bolts
 J - 30 arrows
Armour
 b - a +0 scale mail
 c - a +0 shield (worn)
 g - a +0 robe
 s - a cursed +0 pair of gloves (worn)
 y - a +2 pair of gloves of dexterity
 z - a cursed +0 leather armour (worn)
 D - a +0 shield
Magical staves
 I - an uncursed staff of air {unknown}
Jewellery
 q - a +2 ring of dexterity (left hand)
 v - a ring of protection from cold (right hand)
Scrolls
 F - 2 scrolls of identify
Potions
 l - 2 potions of haste
 o - 2 potions of curing
 p - a potion of cancellation
 w - a potion of brilliance
 B - a potion of mutation
Comestibles
 e - 3 bread rations
 f - 3 meat rations
 x - a beef jerky
 E - 3 chunks of flesh
 H - a slice of pizza


   Skills:
 - Level 3.0 Fighting
 + Level 3.0 Long Blades
 + Level 3.1 Armour
 + Level 1.9 Dodging
 + Level 0.2 Stealth
 + Level 3.4 Shields


You had 5 spell levels left.
You didn't know any spells.

Dungeon Overview and Level Annotations

Branches:
Dungeon (4/15)             Temple (1/1) D:4

Altars:
Dithmenos
Elyvilon
Fedhas
Gozag
Kikubaaqudgha
Nemelex Xobeh
Ru
Trog
Xom
The Shining One

Annotations:
D:4 Natasha


Innate Abilities, Weirdness & Mutations

You have hooves in place of feet.
Armour fits poorly on your strangely shaped body.
You cover ground very quickly.
You have extremely tough skin (AC +3).


Message History

* * * LOW HITPOINT WARNING * * *
The orc barely misses you.
You slash the orc wizard!
You kill the orc wizard!
Natasha stares at you and mumbles some strange words.
The magic dart hits you!
* * * LOW HITPOINT WARNING * * *
The crimson imp misses you. The white imp closely misses you.
You closely miss the orc.
The orc is severely wounded.
The orc hits you but does no damage.
The crimson imp blinks!
The orc hits you but does no damage.
The crimson imp disappears for a moment.
The crimson imp hits you.
* * * LOW HITPOINT WARNING * * *
You closely miss the crimson imp. You kick the crimson imp.
The crimson imp is moderately wounded.
The white imp barely misses you. The orc hits you with a flail!
You die...
Your body disappears without a glow.

.......................#
P.≈
......................#
P.≈
......................#
P.≈
......................#
..≈
.......o.............#
P..
.........5..........#
♣..
..........§.........#


PPP ##########5o.##.....# P.P #@5h##.....# PP♣ #.o.##....># #..(##.....#
#...##.....# ######.....# ####### You could see Natasha, 2 crimson imps, a white
imp and 2 orcs.

Vanquished Creatures
  3 orc wizards (D:4)
  A hound (D:4)
  Natasha (twice) (D:4)
  A worker ant (D:4)
  6 adders
  3 worms
  8 orcs
  A bat zombie (D:3)
  3 giant cockroaches
  7 goblins
  9 hobgoblins
  2 jackals (D:3)
  9 kobolds
  7 bats
  A giant gecko (D:1)
  2 giant newts
  5 rats
  3 rat zombies (D:3)
73 creatures vanquished.

Notes
Turn   | Place    | Note
--------------------------------------------------------------
     0 | D:1      | MayumiScott the Centaur Fighter began the quest for the Orb.
     0 | D:1      | Reached XP level 1. HP: 19/19 MP: 1/1
     2 | D:1      | Noticed a naga
     2 | D:1      | Noticed a spriggan
     7 | D:1      | Noticed a centaur
     7 | D:1      | Noticed a human
     9 | D:1      | Noticed a minotaur
    11 | D:1      | Noticed a merfolk
    11 | D:1      | Noticed a demigod
    13 | D:1      | Noticed a dwarf
    13 | D:1      | Noticed a draconian
    15 | D:1      | Noticed a demonspawn
    15 | D:1      | Noticed an ogre
    17 | D:1      | Noticed an octopode
    19 | D:1      | Noticed a tengu
    21 | D:1      | Noticed a vampire
    21 | D:1      | Noticed an elf
    23 | D:1      | Noticed a ghoul
    23 | D:1      | Noticed a felid
    25 | D:1      | Noticed a gargoyle
    25 | D:1      | Noticed a vine stalker
    27 | D:1      | Noticed a formicid
    27 | D:1      | Noticed a troll
   833 | D:1      | Reached XP level 2. HP: 26/26 MP: 2/2
  1433 | D:2      | Reached XP level 3. HP: 29/31 MP: 3/3
  1854 | D:2      | Found a sparkling altar of Nemelex Xobeh.
  1861 | D:2      | Became a worshipper of Nemelex Xobeh the Trickster
  2021 | D:3      | Reached XP level 4. HP: 26/38 MP: 4/4
  2226 | D:3      | Received a gift from Nemelex Xobeh
  2653 | D:3      | Reached skill level 1 in Dodging
  2970 | D:3      | Found an ancient bone altar of Kikubaaqudgha.
  3369 | D:4      | Found a blossoming altar of Fedhas.
  3409 | D:4      | Reached XP level 5. HP: 41/45 MP: 5/5
  3413 | D:4      | Noticed Natasha
  3431 | D:4      | Killed Natasha
  3440 | D:4      | Found a staircase to the Ecumenical Temple.
  3468 | Temple   | Entered the Ecumenical Temple
  3833 | D:4      | Noticed Natasha
  3846 | D:4      | Killed Natasha
  3884 | D:4      | Reached XP level 6. HP: 13/51 MP: 6/6
  3950 | D:4      | Noticed Natasha
  3968 | D:4      | Slain by an orc

Vault maps used:
D:1:      kb_arrival_jail
D:2:      hex_large, st_stairs_13, nemelex_spade_bored_becter
D:3:      lemuel_zombie_altar_kikubaaqudgha, first_bread
D:4:      temple_fountains, tgw_fedhas, uniq_natasha
Temple:   grunt_temple_mini_profane_8

Action                   |  1- 3 |  4- 6 || total
-------------------------+-------+-------++-------
Melee: Long sword        |    83 |   135 ||   218
       Spear             |     8 |       ||     8
  Use: Scroll            |     7 |     3 ||    10
       Potion            |       |     6 ||     6
  Eat: Chunk             |     2 |     5 ||     7
